cohdb
Replays
Latest Replays
All Replays
Popular Replays
Top Player Replays
Match Explorer
How It Works
Community
CoH3 Stats
Reddit
Sign in to upload your games and track your stats! →
Sign in with Steam
Match 43060551
Unlisted
Match 43060551
Overview
Messages
Build Orders
End
Pioneer Squad
Construct Infanterie Kompanie
Selects Breakthrough Battlegroup
Selects Assault Grenadiers
Grenadier Squad
Grenadier Squad
Grenadier Squad
MG 42 Machine Gun Team
Construct Luftwaffe Kompanie
Selects Rapid Production
221 Scout Car
Selects Breakthrough
Jäger Squad
Infanterie Officer Quarters
Construct Panzer Kompanie
Stoßtruppen Squad
Selects Incendiary Bombing Run
Selects Blitzkrieg
Panzer IV Medium Tank
Panzer IV Medium Tank
咚咚锵个腿
WeAJapaneseGoblin
0
0
Comments
sign in to comment!
No comments posted yet!